 Dungeon Crawl Stone Soup version 0.21.1-1-g345015f (webtiles) character file.

214177 kae the Black Belt (level 18, -2/153 HPs)
             Began as a Demonspawn Monk on Apr 24, 2018.
             Was the Champion of Wu Jian.
             Slain by an alligator snapping turtle (17 damage)
             ... on level 4 of the Shoals.
             The game lasted 00:52:17 (33755 turns).

kae the Black Belt (Demonspawn Monk)               Turns: 33755, Time: 00:52:18

Health: -2/153     AC: 29    Str: 16    XL:     18   Next: 29%
Magic:  18/18      EV: 28    Int: 11    God:    Wu Jian [******]
Gold:   2841       SH:  0    Dex: 23    Spells: 17/17 levels left

rFire    + . .     SeeInvis .     - Unarmed
rCold    . . .     Gourm    .   (no shield)
rNeg     . . .     Faith    .   v - +5 chain mail "Sesiaxukh" {rElec rPois rCorr Str+3}
rPois    +         Spirit   .   C - +2 hat
rElec    +         Reflect  .   T - +1 cloak {+Inv}
rCorr    +         Harm     .   (no gloves)
MR       +....                  r - +0 pair of boots
Stlth    ..........             f - amulet of regeneration
HPRegen  0.75/turn              K - ring of Phasing {EV+8}
MPRegen  0.16/turn              L - +5 ring of evasion

@: hasted, very quick
A: antennae 2, iridescent scales 3, fire resistance 1, ignite blood, spiny 3,
flame cloud immunity
}: 1/15 runes: gossamer
a: Wall Jump, Serpent's Lash, Heavenly Storm, Renounce Religion, Evoke
Invisibility


You were on level 4 of the Shoals.
You worshipped Wu Jian.
Wu Jian was exalted by your worship.
You were not hungry.

You visited 6 branches of the dungeon, and saw 32 of its levels.
You visited the Abyss 1 time.
You also visited: Labyrinth.

You collected 2841 gold pieces.

Inventory:

Armour
 r - a +0 pair of boots (worn)
 v - the +5 chain mail "Sesiaxukh" (worn) {rElec rPois rCorr Str+3}
   (You acquired it on level 3 of the Lair of Beasts)

   It affects your strength (+3).
   It insulates you from electricity.
   It protects you from poison.
   It protects you from acid and corrosion.
 C - a +2 hat (worn)
 T - a +1 cloak of invisibility (worn)
Jewellery
 c - an uncursed ring of positive energy
 f - an amulet of regeneration (around neck)
 q - a +3 amulet of reflection
 x - an uncursed ring of flight
 K - the ring of Phasing (left hand) {EV+8}
   (You found it in a labyrinth)

   [ring of evasion]

   It affects your evasion (+8).
 L - a +5 ring of evasion (right hand)
 Y - an uncursed ring of see invisible
Wands
 m - a wand of digging (29)
 p - a wand of iceblast (21)
 t - a wand of paralysis (16)
 y - a wand of acid (6)
Scrolls
 e - 10 scrolls of remove curse
 h - 8 scrolls of identify
 j - 3 scrolls of fear
 n - 5 scrolls of fog
 A - 4 scrolls of enchant armour
 B - 7 scrolls of amnesia
 D - 8 scrolls of teleportation
 F - 2 scrolls of blinking
 M - 4 scrolls of magic mapping
 O - a scroll of summoning
 R - a scroll of enchant weapon
 Z - a scroll of brand weapon
Potions
 d - 4 potions of might
 i - 6 potions of brilliance
 k - 6 potions of curing
 o - 3 potions of mutation
 s - 3 potions of magic
 u - 2 potions of berserk rage
 w - 6 potions of ambrosia
 z - 3 potions of haste
 G - 9 potions of agility
 H - a potion of resistance
 J - 2 potions of cancellation
 P - 2 potions of invisibility
 S - a potion of flight
Comestibles
 a - 4 chunks of flesh
 b - 37 rations


   Skills:
 + Level 16.6 Fighting
 + Level 11.2 Armour
 + Level 11.6 Dodging
 - Level 1.7 Stealth
 * Level 20.5 Unarmed Combat


You had 17 spell levels left.
You didn't know any spells.

Dungeon Overview and Level Annotations

Branches:
Dungeon (15/15)            Temple (1/1) D:5            Lair (6/6) D:10
 Shoals (4/4) Lair:2       Spider (4/4) Lair:3        Slime (0/5) Lair:5
    Orc (2/2) D:11            Elf (0/3) Orc:2        Vaults (0/5) D:13
 Depths (0/5) D:15

Altars:
Ashenzari
Dithmenos
Elyvilon
Fedhas
Gozag
Hepliaklqana
Kikubaaqudgha
Makhleb
Nemelex Xobeh
Okawaru
Qazlal
Ru
Sif Muna
Trog
Uskayaw
Wu Jian
Xom
Yredelemnul
Zin
The Shining One
Beogh

Shops:
D:4 :   D:11 (   D:13 (   Orc:1 *?=   Orc:2 %(?:   Shoals:1 %

Portals:
Pandemonium: Orc:2

Annotations:
D:9 exclusion: guardian serpent
Lair:1 exclusion: oklob plant
Lair:6 1 runed door


Innate Abilities, Weirdness & Mutations

You have a pair of antennae on your head.
You are completely covered in iridescent scales. (AC +6)
Your flesh is heat resistant. (rF+)
Your demonic aura causes spilled blood to erupt in flames.
You are completely covered in sharp spines.
You are immune to clouds of flame.


Message History

You punch the water nymph!
You kill the water nymph!
The Council accepts your kill.
The merfolk siren chants its luring song.
The merfolk siren chants its luring song.
You punch the merfolk siren!
The merfolk siren is heavily wounded.
The alligator snapping turtle closely misses you.
You spin and attack the merfolk siren repeatedly.
You punch the merfolk siren!
The merfolk siren is almost dead.
You closely miss the merfolk siren. Your punch misses the merfolk siren.
The merfolk siren is almost dead.
The merfolk siren stops singing.
You break out of your daze!
The merfolk siren is engulfed in blazing flames.
You kill the merfolk siren!
The Council accepts your kill.
The alligator snapping turtle bites you from afar!
You die...

≈≈PPPP######(.....!...P..P
≈≈≈≈P≈PP.P..............P.PP≈#
≈P≈P≈PP≈.P...............≈≈≈P#
≈≈P≈≈P≈≈P...............≈≈≈≈P##
≈≈≈≈≈≈≈≈............P≈≈.≈P≈≈≈≈##
....≈≈(≈.............≈≈..≈.≈≈≈≈#
#######≈.......§.t.........P≈≈≈≈
# ##.....§§.......≈≈...≈≈≈≈≈ {
##.....§§@§............≈≈ {
#≈..P_P§§§§§§.(.†....≈≈≈
#≈...P§§§§§§....##..≈≈≈≈
#≈.≈≈≈§.§§§§...## .≈≈≈.≈
#..≈≈)..§§§§...##..≈≈... {
#...≈≈....§.§.....≈≈≈...
#.......P†P......≈≈≈....
#......P|....<..≈≈≈≈≈.###
#....P....)†.......≈≈≈#


You could see an alligator snapping turtle.

Vanquished Creatures
  Bai Suzhen (Spider:4)
  2 krakens
  Kirke (D:12)
  The ghost of Verendum the Warrior, an adept MiGl of Okawaru (Spider:3)
  Roxanne (D:14)
  8 emperor scorpions
  3 ghost moths
  Aizul (Spider:4)
  Louise (Spider:4)
  5 entropy weavers
  The ghost of azzavlup the Carver, a journeyman TeBe of Trog (Lair:2)
  3 merfolk javelineers
  2 merfolk impalers
  An ettin (Orc:1)
  A minotaur (Lab)
  Harold (Lair:3)
  8 vault guards (D:13)
  5 centaur warriors
  2 merfolk avatars
  9 hydras
  A catoblepas (Lair:5)
  4 merfolk aquamancers
  An alligator snapping turtle (Shoals:1)
  3 ogre magi (D:15)
  17 two-headed ogres
  A death yak (Lair:5)
  6 orc high priests (Orc:2)
  Urug (D:15)
  A soul eater (Orc:2)
  2 torturous demonspawn (Orc:2)
  5 sea snakes
  2 unseen horrors (Lab)
  2 wizards
  A lindwurm (Lair:6)
  7 orc knights
  11 harpies
  15 orb spiders
  26 wolf spiders
  10 orc sorcerers
  2 deep elf magi (D:15)
  4 cyclopes
  An oklob plant (Shoals:4)
  15 ugly things
  8 fauns
  6 manticores
  Maurice (Orc:1)
  8 elephants
  2 centaur zombies (D:15)
  9 merfolk sirens
  2 moths of wrath (Spider:3)
  Psyche (D:9)
  4 molten gargoyles
  A naga mage (D:15)
  Joseph (D:9)
  5 water nymphs
  9 black mambas
  4 gargoyles (D:8)
  10 spiny frogs
  A rime drake (Lair:5)
  12 demonic crawlers
  A freezing wraith (D:15)
  9 komodo dragons
  2 ice devils (Orc:2)
  3 red devils (Orc:2)
  The ghost of inc the Sneak, a novice OpEn (D:5)
  22 jumping spiders
  12 trolls
  2 wind drakes
  4 tyrant leeches
  7 hornets
  Grinder (D:5)
  5 polar bears
  3 slime creatures (Lair:5)
  6 snapping turtles
  22 merfolk
  6 dream sheep
  20 blink frogs
  11 hippogriffs
  The ghost of Mirai the Sneak, an amateur KoEn of Okawaru (D:3)
  4 water elementals
  89 redbacks
  2 shadows
  6 wyverns
  A vampire (D:13)
  33 tarantellas
  21 yaks
  3 hogs (D:12)
  Sigmund (D:2)
  6 hungry ghosts (Lab)
  11 basilisks
  A steam dragon (Lair:6)
  Eustachio (D:6)
  4 wargs
  Menkaure (D:5)
  8 vampire mosquitoes
  3 acid dragons (D:15)
  8 water moccasins
  5 hell hounds (Lair:6)
  A soldier ant (D:8)
  11 porcupines
  34 orc warriors
  3 phantoms
  2 sky beasts
  2 ice beasts
  A black bear (Lair:3)
  An eye of draining (D:14)
  A hornet zombie (D:14)
  2 necrophages
  13 ogres
  8 wolves (Lair:3)
  22 centaurs
  20 crocodiles
  Blork the orc (D:6)
  5 big kobolds
  4 earth elementals
  6 gnoll sergeants
  9 bullfrogs
  A wyvern zombie (D:7)
  3 scorpions
  4 killer bees (D:10)
  2 vampire bats (Lair:6)
  16 wights
  5 electric eels
  5 crimson imps
  5 lava snakes (Lair:6)
  A quasit (D:12)
  3 bullfrog skeletons
  5 hounds
  5 jellies
  31 orc priests
  3 iguanas
  5 centaur skeletons
  9 orc wizards
  5 worker ants
  2 hound skeletons
  A howler monkey zombie (D:5)
  A worker ant zombie (D:9)
  8 gnolls
  12 adders
  5 shadow imps
  An ooze (D:4)
  An adder zombie (D:7)
  A worm (D:2)
  3 dart slugs (D:1)
  2 leopard geckos
  62 orcs
  A ball python (D:1)
  4 giant cockroaches
  3 goblins (D:1)
  10 hobgoblins
  9 jackals
  22 kobolds
  3 quokkas
  11 bats
  4 frilled lizards
  A leopard gecko skeleton (D:4)
  A leopard gecko zombie (D:5)
  A quokka zombie (D:8)
  9 rats
  A fungus (Lair:4)
  3 plants
  4 tentacles
1065 creatures vanquished.

Vanquished Creatures (others)
  A ghost moth (Spider:4)
  An orb spider (Spider:4)
  2 bushes (Lair:5)
  12 fungi
  5 plants
  12 tentacles
33 creatures vanquished.

Grand Total: 1098 creatures vanquished

Notes
Turn   | Place    | Note
-------+----------+-------------------------------------------
     0 | D:1      | kae the Demonspawn Monk began the quest for the Orb.
     0 | D:1      | Reached XP level 1. HP: 18/18 MP: 1/1
   276 | D:1      | Reached skill level 3 in Unarmed Combat
   276 | D:1      | Gained mutation: You are partially covered in iridescent scales. (AC +2) [demonic ancestry]
   276 | D:1      | Reached XP level 2. HP: 24/24 MP: 2/2
   999 | D:1      | Gained mutation: Your flesh is heat resistant. (rF+) [demonic ancestry]
   999 | D:1      | Reached XP level 3. HP: 29/29 MP: 3/3
  1850 | D:2      | Reached skill level 4 in Unarmed Combat
  1960 | D:2      | Gained mutation: You are mostly covered in iridescent scales. (AC +4) [demonic ancestry]
  1960 | D:2      | Reached XP level 4. HP: 37/37 MP: 4/4
  2112 | D:2      | Noticed Sigmund
  2128 | D:2      | Killed Sigmund
  2128 | D:2      | Reached skill level 5 in Unarmed Combat
  2128 | D:2      | Gained mutation: You are partially covered in sharp spines. [demonic ancestry]
  2128 | D:2      | Reached XP level 5. HP: 27/43 MP: 5/5
  2405 | D:3      | Noticed Mirai's ghost (amateur KoEn)
  2407 | D:3      | Found a white marble altar of Elyvilon.
  3263 | D:3      | Killed Mirai's ghost
  3263 | D:3      | Gained mutation: You are immune to clouds of flame. [demonic ancestry]
  3263 | D:3      | Reached XP level 6. HP: 15/50 MP: 6/6
  3535 | D:3      | Reached skill level 5 in Fighting
  3618 | D:3      | Reached skill level 6 in Unarmed Combat
  3829 | D:4      | Found Suuvej's Book Shoppe.
  3994 | D:4      | Reached XP level 7. HP: 44/56 MP: 7/7
  4523 | D:5      | Entered Level 5 of the Dungeon
  4595 | D:5      | Found a staircase to the Ecumenical Temple.
  4721 | Temple   | Entered the Ecumenical Temple
  4822 | Temple   | Became a worshipper of the Wu Jian Council
  4822 | Temple   | Reached * piety under Wu Jian
  4822 | Temple   | Reached ** piety under Wu Jian
  4890 | D:5      | Noticed inc's ghost (novice OpEn)
  4907 | D:5      | Killed inc's ghost
  4907 | D:5      | Reached skill level 7 in Unarmed Combat
  5074 | D:5      | Noticed Menkaure
  5079 | D:5      | Killed Menkaure
  5079 | D:5      | Reached XP level 8. HP: 56/64 MP: 8/8
  5081 | D:5      | Noticed Grinder
  5086 | D:5      | Paralysed by Grinder for 6 turns
  5113 | D:5      | Killed Grinder
  5113 | D:5      | Reached skill level 8 in Unarmed Combat
  5755 | D:6      | Reached skill level 9 in Unarmed Combat
  5781 | D:6      | Noticed Blork the orc
  5901 | D:6      | Gained mutation: You are completely covered in iridescent scales. (AC +6) [demonic ancestry]
  5901 | D:6      | Reached XP level 9. HP: 63/72 MP: 9/9
  5906 | D:6      | Killed Blork the orc
  6075 | D:6      | Noticed Eustachio
  6099 | D:6      | Killed Eustachio
  7271 | D:6      | Reached skill level 10 in Unarmed Combat
  7820 | D:7      | Reached *** piety under Wu Jian
  8104 | D:8      | Noticed a two-headed ogre
  8120 | D:8      | Killed a two-headed ogre
  8120 | D:8      | Reached skill level 11 in Unarmed Combat
  8692 | D:8      | Reached XP level 10. HP: 82/82 MP: 10/10
  8795 | D:8      | You fall through a shaft for 2 floors!
  8795 | D:10     | Entered Level 10 of the Dungeon
  8820 | D:10     | Noticed a two-headed ogre
  8832 | D:10     | Killed a two-headed ogre
  9247 | D:10     | Found a staircase to the Lair.
  9549 | D:10     | Reached skill level 12 in Unarmed Combat
  9786 | D:10     | Found an iron altar of Okawaru.
 10125 | D:9      | Reached skill level 10 in Fighting
 10203 | D:9      | Reached **** piety under Wu Jian
 10262 | D:9      | Noticed Psyche
 10275 | D:9      | Killed Psyche
 10283 | D:9      | Noticed Joseph
 10296 | D:9      | Killed Joseph
 10703 | D:9      | Noticed a guardian serpent
 10741 | D:9      | Gained mutation: You are mostly covered in sharp spines. [demonic ancestry]
 10741 | D:9      | Reached XP level 11. HP: 87/91 MP: 11/11
 11654 | D:8      | Reached skill level 13 in Unarmed Combat
 12278 | D:7      | Got a crude chain mail
 12289 | D:7      | Identified the +3 chain mail of Tatubbik {rElec rN+ Str+3} (You found it on level 7 of the Dungeon)
 12327 | Lair:1   | Entered Level 1 of the Lair of Beasts
 12591 | Lair:1   | Noticed an oklob plant
 12662 | Lair:1   | Found a labyrinth entrance.
 12671 | Lab      | Entered a labyrinth
 13227 | Lab      | Paralysed by fainting for 9 turns
 13659 | Lab      | Killed an unseen horror
 13659 | Lab      | Reached skill level 14 in Unarmed Combat
 13716 | Lab      | Killed an unseen horror
 13806 | Lab      | Noticed a minotaur
 13811 | Lab      | Killed a minotaur
 13823 | Lab      | Found the ring of Phasing {EV+8}
 13870 | Lair:1   | Noticed a six-headed hydra
 13879 | Lair:1   | Killed a six-headed hydra
 13879 | Lair:1   | Reached XP level 12. HP: 78/101 MP: 12/12
 13896 | Lair:1   | Noticed a seven-headed hydra
 13899 | Lair:1   | Killed a seven-headed hydra
 14335 | Lair:2   | Found a staircase to the Shoals.
 14398 | Lair:2   | Noticed azzavlup's ghost (journeyman TeBe)
 14420 | Lair:2   | Killed azzavlup's ghost
 14572 | Lair:2   | Reached skill level 15 in Unarmed Combat
 15186 | Lair:2   | Reached ***** piety under Wu Jian
 15213 | Lair:3   | Identified a scroll of acquirement
 15214 | Lair:3   | Got a twisted chain mail
 15483 | Lair:3   | Noticed Harold
 15488 | Lair:3   | Killed Harold
 15488 | Lair:3   | Reached skill level 1 in Armour
 15678 | Lair:3   | Found a hole to the Spider Nest.
 16384 | Lair:4   | Noticed an eight-headed hydra
 16397 | Lair:4   | Gained mutation: Your demonic aura causes spilled blood to erupt in flames. [demonic ancestry]
 16397 | Lair:4   | Reached XP level 13. HP: 73/109 MP: 13/13
 17268 | Lair:5   | Reached skill level 16 in Unarmed Combat
 17485 | Lair:5   | Found a staircase to the Slime Pits.
 17795 | Lair:5   | Reached skill level 5 in Dodging
 18160 | Lair:6   | Entered Level 6 of the Lair of Beasts
 18163 | Lair:6   | Identified the +5 chain mail "Sesiaxukh" {rElec rPois rCorr Str+3} (You acquired it on level 3 of the Lair of Beasts)
 18353 | Lair:6   | Reached ****** piety under Wu Jian
 18599 | Lair:6   | Found a large runed door.
 18599 | Lair:6   | Noticed a fire dragon
 18873 | Lair:6   | Reached skill level 5 in Armour
 18873 | Lair:6   | Reached XP level 14. HP: 108/118 MP: 14/14
 19641 | Lair:6   | Found a large runed door.
 20615 | D:11     | Found Ykoky's Antique Weapon Shoppe.
 20769 | D:11     | Found a staircase to the Orcish Mines.
 20940 | D:11     | Reached skill level 17 in Unarmed Combat
 21142 | Orc:1    | Entered Level 1 of the Orcish Mines
 21142 | Orc:1    | Noticed Maurice
 21155 | Orc:1    | Killed Maurice
 21268 | Orc:1    | Found Cibletra's Jewellery Emporium.
 21313 | Orc:1    | Found Noipnan's Magic Scroll Shoppe.
 21338 | Orc:1    | Found Inu Belu's Assorted Antiques.
 21341 | Orc:1    | Found a roughly hewn altar of Beogh.
 21427 | Orc:1    | Found a roughly hewn altar of Beogh.
 21714 | Orc:1    | Found a roughly hewn altar of Beogh.
 21751 | Orc:2    | Entered Level 2 of the Orcish Mines
 22132 | Orc:2    | Found a staircase to the Elven Halls.
 22342 | Orc:2    | Paralysed by an orc sorcerer for 3 turns
 22683 | Orc:2    | Found Tefizang's Magic Scroll Shoppe.
 22702 | Orc:2    | Found Rishrola's Food Emporium.
 23842 | Orc:2    | Found Usyb's Book Boutique.
 23842 | Orc:2    | Found Xoiskun's Antique Weapon Shop.
 23842 | Orc:2    | Found a one-way gate leading to the halls of Pandemonium.
 23987 | D:12     | Noticed Kirke
 23992 | D:12     | Noticed a sphinx
 23995 | D:12     | Killed Kirke
 23995 | D:12     | Gained mutation: You have a pair of small antennae on your head. [demonic ancestry]
 23995 | D:12     | Reached XP level 15. HP: 118/126 MP: 15/15
 24842 | D:13     | Found Jaobef's Weapon Shop.
 24852 | D:13     | Found an opulent altar of Gozag.
 24988 | D:13     | Found a gate to the Vaults.
 25258 | D:14     | Found a shimmering altar of Xom.
 25267 | D:14     | Found a shimmering altar of Xom.
 25306 | D:14     | Found a shadowy altar of Dithmenos.
 25315 | D:14     | Reached skill level 18 in Unarmed Combat
 25434 | D:14     | Found a shimmering altar of Xom.
 25434 | D:14     | Found a shimmering altar of Xom.
 25641 | D:14     | Noticed Roxanne
 25712 | D:14     | Found a shimmering altar of Xom.
 25712 | D:14     | Found a shimmering altar of Xom.
 25713 | D:14     | Found a shimmering altar of Xom.
 25713 | D:14     | Found a shimmering altar of Xom.
 25715 | D:14     | Found a shimmering altar of Xom.
 25716 | D:14     | Found a shimmering altar of Xom.
 25830 | D:14     | Cast into level 2 of the Abyss (a wizard)
 25837 | D:14     | Escaped the Abyss
 25987 | D:14     | Killed Roxanne
 26113 | D:15     | Entered Level 15 of the Dungeon
 26439 | D:15     | Found a staircase to the Depths.
 26486 | D:15     | Noticed Urug
 26493 | D:15     | Killed Urug
 26493 | D:15     | Reached skill level 15 in Fighting
 26497 | D:15     | Gained mutation: You are completely covered in sharp spines. [demonic ancestry]
 26497 | D:15     | Reached XP level 16. HP: 84/136 MP: 16/16
 27216 | Spider:1 | Entered Level 1 of the Spider Nest
 28388 | Spider:2 | Reached skill level 19 in Unarmed Combat
 29027 | Spider:3 | Reached skill level 10 in Dodging
 29064 | Spider:3 | Noticed Verendum's ghost (adept MiGl)
 29227 | Spider:3 | Killed Verendum's ghost
 30006 | Spider:4 | Entered Level 4 of the Spider Nest
 30154 | Spider:4 | Reached XP level 17. HP: 143/143 MP: 17/17
 30251 | Spider:4 | Noticed Bai Suzhen
 30276 | Spider:4 | Killed Bai Suzhen
 30284 | Spider:4 | Reached skill level 10 in Armour
 30659 | Spider:4 | Noticed Louise
 30674 | Spider:4 | Killed Louise
 31006 | Spider:4 | Noticed Aizul
 31022 | Spider:4 | Killed Aizul
 31128 | Spider:4 | Reached skill level 20 in Unarmed Combat
 31255 | Spider:4 | Got a gossamer rune of Zot
 31698 | Shoals:1 | Entered Level 1 of the Shoals
 31698 | Shoals:1 | Noticed a kraken
 31708 | Shoals:1 | Killed a kraken
 31888 | Shoals:1 | Found Hagih's Food Shop.
 32873 | Shoals:3 | Gained mutation: You have a pair of antennae on your head. [demonic ancestry]
 32873 | Shoals:3 | Reached XP level 18. HP: 135/153 MP: 18/18
 33588 | Shoals:4 | Entered Level 4 of the Shoals
 33588 | Shoals:4 | Found a bloodstained altar of Trog.
 33755 | Shoals:4 | Slain by an alligator snapping turtle

Skill      XL: |  1  2  3  4  5  6  7  8  9 10 11 12 13 14 15 16 17 18 |
---------------+-------------------------------------------------------+-----
Unarmed Combat | 3 4 5 6 7 9 11 12 14 15 16 17 18 19 20 | 20.5
Fighting       | 4 5 6 7 8 10 11 12 13 14 15 16 | 16.6
Armour         | 2 5 6 8 9 10 11 | 11.2
Dodging        | 3 5 7 9 10 11 | 11.6
Stealth        | |  1.7

Action                   |  1- 3 |  4- 6 |  7- 9 | 10-12 | 13-15 | 16-18 || total
-------------------------+-------+-------+-------+-------+-------+-------++-------
Melee: Unarmed           |   156 |   107 |   291 |   642 |  1109 |  1424 ||  3729
       Punch             |     2 |     2 |    12 |    29 |    95 |   150 ||   290
Invok: Lunge             |       |       |    19 |    41 |   119 |    97 ||   276
       Wall Jump         |       |       |    38 |    40 |    38 |    54 ||   170
       Whirlwind         |       |       |    39 |    43 |   112 |   235 ||   429
       Serpent's Lash    |       |       |       |     3 |     2 |     1 ||     6
Evoke: Wand              |       |       |       |     1 |       |       ||     1
  Use: Scroll            |     3 |     3 |    11 |     7 |    11 |     7 ||    42
       Potion            |       |     2 |       |     2 |       |     3 ||     7
 Stab: Sleeping          |     4 |     3 |     2 |     1 |       |       ||    10
       Distracted        |     1 |     1 |       |     2 |       |       ||     4
  Eat: Ration            |     1 |       |     2 |     4 |     2 |     2 ||    11
       Chunk             |       |     6 |     9 |    15 |    27 |    20 ||    77
Armor: Robe              |    35 |    25 |    32 |       |       |       ||    92
       Ring mail         |       |       |    25 |    61 |       |       ||    86
       Skin              |       |       |       |    42 |       |       ||    42
       Chain mail        |       |       |       |   138 |   197 |   392 ||   727
Dodge: Dodged            |   103 |    59 |   109 |   267 |   633 |  1251 ||  2422
Block: Other             |       |       |    12 |    51 |    50 |       ||   113
       Reflection        |       |       |     3 |       |       |       ||     3
